 Seeded DCSS version 0.30.0-15-g856e2d3f33 (webtiles) character file.

Game seed: 5 (custom seed)

1355 Kazon the Cleaver (level 8, -1/70 HPs)
             Began as a Hill Orc Monk on May 18, 2023.
             Was a Believer of the Shining One.
             Killed by divine providence
             ... invoked by an orc priest
              (9 damage)
             ... on level 6 of the Dungeon.
             The game lasted 00:25:00 (4168 turns).

Kazon the Cleaver (Hill Orc Monk)                   Turns: 4168, Time: 00:25:01

Health: -1/70      AC:  9    Str: 19    XL:     8   Next: 63%
Magic:  0/20       EV: 12    Int: 10    God:    the Shining One [**....]
Gold:   273        SH:  0    Dex: 19    Spells: 7/7 levels left

rFire   . . .        f - +0 hand axe (flame)
rCold   . . .        d - orb {light}
rNeg    + . .        i - +0 ring mail
rPois   .            j - +0 helmet
rElec   .            (no cloak)
rCorr   .            u - +1 pair of gloves {Str+3}
SInv    .            (no boots)
Will    .....        C - amulet of guardian spirit
Stlth   +            x - ring of magical power
HPRegen 0.31/turn    B - +6 ring of dexterity
MPRegen 0.17/turn

%: guardian spirit
@: glowing
A: no striking features
a: Renounce Religion, Convert to Beogh, Divine Shield


You were on level 6 of the Dungeon.
You worshipped the Shining One.
The Shining One was pleased with you.
You visited 2 branches of the dungeon, and saw 7 of its levels.

You collected 273 gold pieces.

Inventory:

Hand Weapons
 a - a +0 hand axe
 f - a +0 hand axe of flaming (weapon)
Missiles
 k - 5 boomerangs
 l - 9 stones (quivered)
 y - 3 poisoned darts
Armour
 c - a +0 tower shield
 d - an orb of light (worn)
 i - a +0 ring mail (worn)
 j - a +0 helmet (worn)
 u - a +1 pair of gloves of strength (worn)
Jewellery
 x - a ring of magical power (left hand)
 B - a +6 ring of dexterity (right hand)
 C - an amulet of guardian spirit (around neck)
Wands
 m - a wand of paralysis (8)
Scrolls
 b - a scroll of amnesia {unknown}
 o - 2 scrolls of teleportation {unknown}
 p - a scroll of blinking {unknown}
 r - a scroll of summoning
 s - 2 scrolls of magic mapping {unknown}
 A - a scroll of torment {unknown}
 F - a scroll of poison
Potions
 g - a potion of resistance {unknown}
 h - a potion of curing
 n - a potion of magic {unknown}
 t - 2 potions of flight
 v - a potion of berserk rage {unknown}
 w - a potion of invisibility
 z - a potion of heal wounds
 D - a potion of attraction {unknown}
 E - a potion of lignification {unknown}


   Skills:
 + Level 5.8 Fighting
 + Level 8.0 Axes
 * Level 3.1 Throwing
 * Level 3.3 Armour
 + Level 3.5 Dodging
 + Level 0.1 Stealth
 * Level 2.4 Shields
 * Level 4.1 Invocations
 * Level 2.6 Evocations


You had 7 spell levels left.
You didn't know any spells.
Your spell library contained the following spells:

 Spells                   Type           Power      Damage    Failure   Level
 Frozen Ramparts          Ice            0%         1d1       88%         3
 Ice Form                 Ice/Tmut       0%         N/A       99%         4
 Summon Ice Beast         Ice/Summ       0%         N/A       99%         4


Dungeon Overview and Level Annotations

Branches:
Dungeon (6/15)             Temple (1/1) D:4

Altars:
Ashenzari
Cheibriados
Dithmenos
Elyvilon
Fedhas
Gozag
Hepliaklqana
Kikubaaqudgha
Makhleb
Nemelex Xobeh
Okawaru
Qazlal
Ru
Trog
Uskayaw
Vehumet
Wu Jian
Xom
Yredelemnul
Zin
The Shining One

Annotations:
D:6 Duvessa


Message History

Duvessa is lightly wounded.
Duvessa barely misses you.
You hit Duvessa. You burn Duvessa.
Duvessa is moderately wounded.
Duvessa hits you with a +0 short sword!
The orc priest looks encouraged for a moment.
You hit Duvessa but do no damage.
Duvessa is moderately wounded.
Duvessa hits you with a +0 short sword. Duvessa hits you but does no damage.
You hit Duvessa but do no damage.
Duvessa is moderately wounded.
Duvessa hits you but does no damage.
You hit Duvessa but do no damage.
Duvessa is moderately wounded.
Duvessa hits you but does no damage. Duvessa hits you with a +0 short sword.
You hit Duvessa. You burn Duvessa.
Duvessa is moderately wounded.
Duvessa hits you with a +0 short sword.
You hit Duvessa but do no damage.
Duvessa is moderately wounded.
Duvessa hits you with a +0 short sword.
You hit Duvessa but do no damage.
Duvessa is moderately wounded.
Duvessa hits you with a +0 short sword.
* * * LOW HITPOINT WARNING * * *
Duvessa hits you with a +0 short sword!
* * * LOW HITPOINT WARNING * * *
You hit Duvessa. You burn Duvessa.
Duvessa is heavily wounded.
Duvessa hits you but does no damage.
You hit Duvessa but do no damage.
Duvessa is heavily wounded.
Duvessa hits you with a +0 short sword.
* * * LOW HITPOINT WARNING * * *
You hit Duvessa but do no damage.
Duvessa is heavily wounded.
Duvessa closely misses you.
The orc priest invokes the aid of Beogh against you.
Beogh smites you!
You die...

### ##### ###
#.# #..<#
#...###.###.###
#..[.oe@..#
#....)#####
##....#
........#
........#
.......##
....... #'#....
..#....


You could see Duvessa (berserk) and an orc priest.

Vanquished Creatures
  Sigmund (D:4)
  A water moccasin (D:6)
  2 black bears (D:4)
  An ogre (D:5)
  A scorpion (D:4)
  Dowan (D:6)
  A howler monkey (D:6)
  4 hounds
  2 orc priests (D:6)
  A jelly (D:5)
  6 iguanas
  4 orc wizards (D:6)
  4 gnolls (D:5)
  9 adders
  An ufetubus (D:4)
  3 worms
  13 orcs
  4 bats
  9 endoplasms
  A giant cockroach (D:1)
  12 goblins
  7 hobgoblins
  11 jackals
  3 kobolds
  3 quokkas (D:4)
  6 ball pythons
  3 frilled lizards
  4 rats
118 creatures vanquished.

Notes
Turn   | Place    | Note
-------+----------+-------------------------------------------
     0 | D:1      | Kazon the Hill Orc Monk began the quest for the Orb.
     0 | D:1      | Reached XP level 1. HP: 19/19 MP: 1/1
    42 | D:1      | Identified a scroll of acquirement
    42 | D:1      | Acquired a +1 pair of gloves of strength
   180 | D:1      | Reached XP level 2. HP: 27/27 MP: 2/2
   502 | D:1      | Reached XP level 3. HP: 33/33 MP: 3/3
  1014 | D:2      | Reached skill level 5 in Axes
  1014 | D:2      | Reached XP level 4. HP: 39/41 MP: 4/4
  1404 | D:2      | Reached skill level 5 in Fighting
  1676 | D:3      | Found a stormy altar of Qazlal.
  1801 | D:3      | Found a faded altar of an unknown god.
  1936 | D:3      | Found a blossoming altar of Fedhas.
  1953 | D:3      | Reached XP level 5. HP: 45/48 MP: 5/5
  2090 | D:3      | Identified the +2 sling "Qeuhanocyt" {speed, rElec Str-3
                  | Dex+2}
  2122 | D:4      | Found a staircase to the Ecumenical Temple.
  2133 | Temple   | Entered the Ecumenical Temple
  2297 | Temple   | Became a worshipper of the Shining One
  2297 | Temple   | Reached * piety under the Shining One
  2297 | Temple   | Reached ** piety under the Shining One
  2723 | D:4      | Reached skill level 6 in Axes
  2757 | D:4      | Noticed a black bear
  2771 | D:4      | Killed a black bear
  2772 | D:4      | Reached skill level 1 in Invocations
  2772 | D:4      | Reached XP level 6. HP: 16/56 MP: 6/6
  3000 | D:4      | Noticed a black bear
  3005 | D:4      | Reached skill level 1 in Armour
  3033 | D:4      | Killed a black bear
  3034 | D:4      | Reached skill level 1 in Throwing
  3034 | D:4      | Reached skill level 1 in Shields
  3040 | D:4      | Found a hazy altar of Hepliaklqana.
  3042 | D:4      | Found a shadowy altar of Dithmenos.
  3043 | D:4      | Noticed a shadow
  3087 | D:4      | Noticed Sigmund
  3097 | D:4      | Killed Sigmund
  3098 | D:4      | Reached skill level 7 in Axes
  3098 | D:4      | Reached XP level 7. HP: 54/61 MP: 8/8
  3297 | D:5      | Entered Level 5 of the Dungeon
  3326 | D:5      | Reached skill level 1 in Evocations
  3768 | D:5      | Reached XP level 8. HP: 53/70 MP: 10/10
  3914 | D:6      | Found a shimmering altar of Xom.
  4081 | D:6      | Reached skill level 8 in Axes
  4142 | D:6      | Noticed Dowan
  4150 | D:6      | Noticed Duvessa
  4152 | D:6      | Killed Dowan
  4168 | D:6      | Killed from afar by an orc priest

Illustrated notes

Levels and vault maps discovered:
D:1:      ebering_trefoil_3fold, layout_basic, st_stairs_14, serial_bayou_ford_a
D:2:      layout_basic, hangedman_decor_growths, minmay_close_crescents
D:3:      layout_rooms, mainiacjoe_overflow_concentric_impassable,
          mainiacjoe_overflow_paths, shapermc_ecumenical_altar_acropolis,
          chequers_serial_rivers_micro_b
D:4:      layout_basic, riverfiend_overflow_shadow_ancestor,
          minmay_temple_entry_glass, uniq_sigmund
D:5:      layout_gridville
D:6:      layout_basic, xom_teletrap_fun, uniq_duvessa
Temple:   nicolae_temple_elliptical

Skill      XL: |  1  2  3  4  5  6  7  8 |
---------------+-------------------------+-----
Fighting       | 4 5 |  5.8
Axes           | 5 6 7 8 |  8.0
Dodging        | 3 |  3.5
Invocations    | 1 3 4 |  4.1
Armour         | 2 3 |  3.3
Throwing       | 1 2 3 |  3.1
Shields        | 1 2 |  2.4
Evocations     | 1 2 |  2.6
Stealth        | |  0.1

Action                     |  1- 3 |  4- 6 |  7- 9 || total
---------------------------+-------+-------+-------++-------
  Melee: Hand axe          |   103 |   170 |   170 ||   443
  Throw: Stone             |       |     4 |    27 ||    31
         Dart              |       |     5 |    11 ||    16
         Boomerang         |       |       |     3 ||     3
    Use: Scroll            |     1 |     2 |     2 ||     5
         Potion            |       |       |     6 ||     6
 Armour: Robe              |    22 |    24 |       ||    46
         Ring mail         |       |    43 |    43 ||    86
  Dodge: Dodged            |    61 |   111 |    85 ||   257
